Sénateurs vs Blackhawks
Created - 4 janvier 2015 at 19:57
Goals
|
| Sénateurs |
0 |
2 |
0 |
0 |
2 |
3 |
| Blackhawks |
0 |
1 |
1 |
0 |
1 |
2 |
|
Shots
|
| Sénateurs |
4 |
14 |
5 |
0 |
3 |
23 |
| Blackhawks |
13 |
7 |
4 |
1 |
3 |
25 |
|
1st period
No Goal
Penalties :
No Penalty
2nd period
1. Sénateurs , Todd Bertuzzi 9 (Daymond Langkow, Dan Hamhuis) at 0:36
2. Blackhawks , Henrik Zetterberg 27 (Robert Nilsson) at 11:32 (PP)
3. Sénateurs , Dan Girardi 2 (Jean-Pierre Dumont, Gilbert Brule) at 18:05
Penalties :
Jamie Langenbrunner (Chi) for Holding (Minor) at 0:39, Scott Gomez (Chi) for Holding (Minor) at 7:49, B.J. Crombeen (Ott) for High sticking (Minor) at 11:26, Robert Nilsson (Chi) for Hooking (Minor) at 12:36, George Parros (Chi) for Hooking (Minor) at 18:09, Vitaly Vishnevsky (Ott) for Holding (Minor) at 19:57
3rd period
4. Blackhawks , Robert Nilsson 18 (Henrik Zetterberg, Steve McCarthy) at 0:10 (PP)
Penalties :
Andrew Ebbett (Ott) for Hooking (Minor) at 3:54, Darcy Hordichuk (Ott) for Hooking (Minor) at 18:34
Overtime #1
No Goal
Penalties :
No Penalty
Shootout
Penalty Shot by Gilbert Brule for Sénateurs - Stopped by Roberto Luongo
Penalty Shot by Henrik Zetterberg for Blackhawks - Goal!
Penalty Shot by Jean-Pierre Dumont for Sénateurs - Goal!
Penalty Shot by Robert Nilsson for Blackhawks - Stopped by Jonas Hiller
Penalty Shot by Daymond Langkow for Sénateurs - Goal!
Penalty Shot by Kris Versteeg for Blackhawks - Stopped by Jonas Hiller
Penalties :
No Penalty
Goalie Stats
Jonas Hiller (Ott), 23 saves from 25 shots - (0,920), W, 15-11-3, 65:00 minutes
Roberto Luongo (Chi), 21 saves from 23 shots - (0,913), OTL, 18-14-5, 65:00 minutes
Players Stats for Sénateurs
Player Name G A P +/- PIM S H SB GA TA FO MP PP MP PK MP
------------------------------------------------------------------------------------
Andrew Ebbett 0 0 0 0 2 0 0 0 0 0 1/5 12:50 0:00 0:10
Andy Hilbert 0 0 0 0 0 2 5 1 0 0 0/0 13:07 0:00 0:49
Andy McDonald 0 0 0 1 0 4 3 0 0 0 2/2 22:48 4:29 1:07
B.J. Crombeen 0 0 0 0 2 0 2 0 0 0 0/0 12:19 0:00 0:00
Carlo Colaiacovo 0 0 0 1 0 1 1 0 0 0 0/0 22:28 2:38 1:25
Dan Girardi 1 0 1 1 0 2 0 1 1 0 0/0 22:28 2:38 1:25
Dan Hamhuis 0 1 1 1 0 0 1 3 0 0 0/0 29:58 5:07 2:41
Darcy Hordichuk 0 0 0 1 2 4 2 0 0 0 0/0 16:15 3:16 0:00
Daymond Langkow 0 1 1 1 0 1 5 0 0 0 9/12 18:13 3:16 0:37
Gilbert Brule 0 1 1 1 0 3 1 2 0 0 18/42 25:05 4:29 2:43
Jean-Pierre Dumont 0 1 1 1 0 5 1 0 2 1 0/0 24:31 4:29 2:12
Nikita Alexeev 0 0 0 0 0 0 1 0 0 0 0/0 8:06 0:00 0:00
Nikolai Kulemin 0 0 0 0 0 0 1 0 0 0 0/0 8:06 0:00 0:00
Ryan Parent 0 0 0 0 0 0 0 0 0 0 0/0 12:34 0:00 0:00
Sami Salo 0 0 0 0 0 0 0 1 0 1 0/0 12:47 0:00 0:02
Todd Bertuzzi 1 0 1 1 0 1 1 0 0 0 0/1 16:14 3:16 0:00
Vernon Fiddler 0 0 0 0 0 0 0 0 0 1 1/3 8:06 0:00 0:00
Vitaly Vishnevsky 0 0 0 1 2 0 1 0 2 1 0/0 29:44 5:06 2:39
Players Stats for Blackhawks
Player Name G A P +/- PIM S H SB GA TA FO MP PP MP PK MP
------------------------------------------------------------------------------------
Chris Campoli 0 0 0 0 0 1 1 0 0 0 0/0 20:21 1:21 2:33
Chris Higgins 0 0 0 0 0 2 0 0 1 0 0/1 14:28 0:00 1:43
Daniel Carcillo 0 0 0 0 0 1 0 0 0 0 0/0 7:29 0:00 0:07
Dominic Moore 0 0 0 0 0 0 1 0 0 1 2/2 12:55 0:10 0:00
George Parros 0 0 0 -2 2 2 3 1 0 0 1/3 20:52 1:54 1:01
Henrik Zetterberg 1 1 2 -2 0 7 2 1 0 1 9/15 26:04 2:04 4:59
Jamie Langenbrunner 0 0 0 0 2 3 0 1 1 1 0/0 14:45 1:28 0:00
Jeff Schultz 0 0 0 0 0 0 3 0 0 1 0/0 20:21 1:21 2:33
Johnny Oduya 0 0 0 -1 0 2 2 0 0 0 0/0 30:44 2:11 5:12
Kris Versteeg 0 0 0 0 0 0 0 0 1 0 1/3 17:37 1:28 1:52
Niclas Wallin 0 0 0 -1 0 0 1 2 0 0 0/0 13:55 0:00 0:00
Oleg Kvasha 0 0 0 0 0 0 2 0 0 0 2/4 12:59 0:00 2:16
Robert Nilsson 1 1 2 -2 2 3 0 0 0 0 11/25 24:36 2:04 3:32
Scott Gomez 0 0 0 0 2 2 2 0 1 0 8/12 14:27 1:28 0:00
Sheldon Keefe 0 0 0 0 0 0 0 0 0 0 0/0 7:30 0:00 0:00
Steve Bernier 0 0 0 0 0 1 1 2 0 0 0/0 8:18 0:00 0:00
Steve McCarthy 0 1 1 -1 0 0 4 2 0 1 0/0 30:44 2:11 5:12
Wes O'Neill 0 0 0 -1 0 1 1 1 0 0 0/0 13:55 0:00 0:00
3 Stars
1 - Todd Bertuzzi (Ott)
2 - Daymond Langkow (Ott)
3 - Dan Girardi (Ott)
Power Play
Sénateurs - 0 on 4 Attempt(s) - 0,00%
Blackhawks - 2 on 4 Attempt(s) - 50,00%
Penalty Kill
Sénateurs - 2 on 4 Attempt(s) - 50,00%
- Score 0 goal in Penalty Kill
Blackhawks - 4 on 4 Attempt(s) - 100,00%
- Score 0 goal in Penalty Kill
Official
Referees : VanMassenhoven Don and Lee Chris
Linesman : Tony Sericolo and Lyle Seitz
Game Notes
Steve Bernier is injured at 1:46 of 3rd period (Sports Hernia)
Finance
Level 1 -- Attendance: 4509 (75,15%) -- Ticket Income 396 792 $
Level 2 -- Attendance: 4812 (96,24%) -- Ticket Income 255 036 $
Level 3 -- Attendance: 1488 (74,40%) -- Ticket Income 50 592 $
Level 4 -- Attendance: 3261 (81,53%) -- Ticket Income 71 742 $
Luxury Box -- Attendance: 876 (87,60%) -- Ticket Income 144 540 $
Game was played at the Chicago Stadium
Total Attendance: 14946 (83,03%)
Total Ticket Income: 918 702 $
Other Income: 137 805 $
Total Income: 1 056 507 $
Sénateurs
5 vs 5 Forward
Center Left Wing Right Wing Time % Phy DF OF
1 Gilbert Brule Andy McDonald Jean-Pierre Dumont 39 1 2 2
2 Daymond Langkow Darcy Hordichuk Todd Bertuzzi 29 1 2 2
3 Andrew Ebbett Andy Hilbert B.J. Crombeen 19 1 2 2
4 Vernon Fiddler Nikolai Kulemin Nikita Alexeev 13 1 2 2
5 vs 5 Defense
Defense Defense Time % Phy DF OF
1 Vitaly Vishnevsky Dan Hamhuis 40 1 2 2
2 Dan Girardi Carlo Colaiacovo 30 1 2 2
3 Sami Salo Ryan Parent 20 1 2 2
4 Vitaly Vishnevsky Dan Hamhuis 10 1 2 2
PowerPlay Forward
Center Left Wing Right Wing Time % Phy DF OF
1 Gilbert Brule Andy McDonald Jean-Pierre Dumont 60 1 2 2
2 Daymond Langkow Darcy Hordichuk Todd Bertuzzi 40 1 2 2
PowerPlay Defense
Defense Defense Time % Phy DF OF
1 Vitaly Vishnevsky Dan Hamhuis 60 1 2 2
2 Dan Girardi Carlo Colaiacovo 40 1 2 2
Penalty Kill 4 Players Forward
Center Wing Time % Phy DF OF
1 Gilbert Brule Jean-Pierre Dumont 60 1 2 2
2 Daymond Langkow Andy McDonald 40 1 2 2
Penalty Kill 4 Players Defense
Defense Defense Time % Phy DF OF
1 Vitaly Vishnevsky Dan Hamhuis 60 1 2 2
2 Dan Girardi Carlo Colaiacovo 40 1 2 2
Penalty Kill - 3 Players Forward
Forward Time % Phy DF OF
1 Gilbert Brule 60 1 2 2
2 Jean-Pierre Dumont 40 1 2 2
Penalty Kill - 3 Players Defense
Defense Defense Time % Phy DF OF
1 Vitaly Vishnevsky Dan Hamhuis 60 1 2 2
2 Dan Girardi Carlo Colaiacovo 40 1 2 2
4 vs 4 Forward
Center Wing Time % Phy DF OF
1 Gilbert Brule Jean-Pierre Dumont 60 1 2 2
2 Daymond Langkow Andy McDonald 40 1 2 2
4 vs 4 Defense
Defense Defense Time % Phy DF OF
1 Vitaly Vishnevsky Dan Hamhuis 60 1 2 2
2 Dan Girardi Carlo Colaiacovo 40 1 2 2
Last Minutes Offensive
Center Left Wing Right Wing Defense Defense
Gilbert Brule Andy McDonald Jean-Pierre Dumont Vitaly Vishnevsky Dan Hamhuis
Last Minutes Defensive
Center Left Wing Right Wing Defense Defense
Gilbert Brule Andy McDonald Jean-Pierre Dumont Vitaly Vishnevsky Dan Hamhuis
Goaltenders
Starting : Jonas Hiller
Backup : Jeff Deslauriers
Extra Forwards
Normal : Andrew Ebbett, B.J. Crombeen, Andy Hilbert - PP : Andrew Ebbett, B.J. Crombeen - PK : Andy Hilbert
Extra Defensemen
Normal : Sami Salo, Ryan Parent, Dan Girardi - PP : Sami Salo - PK : Ryan Parent, Dan Girardi
Penalty Shots
Gilbert Brule, Jean-Pierre Dumont, Daymond Langkow, Andy McDonald, Darcy Hordichuk
Blackhawks
5 vs 5 Forward
Center Left Wing Right Wing Time % Phy DF OF
1 Robert Nilsson Henrik Zetterberg George Parros 40 1 2 2
2 Scott Gomez Kris Versteeg Jamie Langenbrunner 30 1 2 2
3 Dominic Moore Chris Higgins Steve Bernier 20 1 2 2
4 Oleg Kvasha Daniel Carcillo Sheldon Keefe 10 1 2 2
5 vs 5 Defense
Defense Defense Time % Phy DF OF
1 Johnny Oduya Steve McCarthy 40 1 2 2
2 Jeff Schultz Chris Campoli 30 1 2 2
3 Wes O'Neill Niclas Wallin 20 1 2 2
4 Johnny Oduya Steve McCarthy 10 1 2 2
PowerPlay Forward
Center Left Wing Right Wing Time % Phy DF OF
1 Robert Nilsson Henrik Zetterberg George Parros 60 1 2 2
2 Scott Gomez Kris Versteeg Jamie Langenbrunner 40 1 2 2
PowerPlay Defense
Defense Defense Time % Phy DF OF
1 Johnny Oduya Steve McCarthy 60 1 2 2
2 Jeff Schultz Chris Campoli 40 1 2 2
Penalty Kill 4 Players Forward
Center Wing Time % Phy DF OF
1 Henrik Zetterberg Robert Nilsson 60 1 2 2
2 Kris Versteeg George Parros 40 1 2 2
Penalty Kill 4 Players Defense
Defense Defense Time % Phy DF OF
1 Johnny Oduya Steve McCarthy 60 1 2 2
2 Jeff Schultz Chris Campoli 40 1 2 2
Penalty Kill - 3 Players Forward
Forward Time % Phy DF OF
1 Henrik Zetterberg 60 1 2 2
2 Robert Nilsson 40 1 2 2
Penalty Kill - 3 Players Defense
Defense Defense Time % Phy DF OF
1 Johnny Oduya Steve McCarthy 60 1 2 2
2 Jeff Schultz Chris Campoli 40 1 2 2
4 vs 4 Forward
Center Wing Time % Phy DF OF
1 Henrik Zetterberg Robert Nilsson 60 1 2 2
2 Kris Versteeg George Parros 40 1 2 2
4 vs 4 Defense
Defense Defense Time % Phy DF OF
1 Johnny Oduya Steve McCarthy 60 1 2 2
2 Jeff Schultz Chris Campoli 40 1 2 2
Last Minutes Offensive
Center Left Wing Right Wing Defense Defense
Robert Nilsson Henrik Zetterberg George Parros Johnny Oduya Steve McCarthy
Last Minutes Defensive
Center Left Wing Right Wing Defense Defense
Robert Nilsson Henrik Zetterberg George Parros Johnny Oduya Steve McCarthy
Goaltenders
Starting : Roberto Luongo
Backup : Jocelyn Thibault
Extra Forwards
Normal : Dominic Moore, Chris Higgins, Oleg Kvasha - PP : Dominic Moore, Chris Higgins - PK : Oleg Kvasha
Extra Defensemen
Normal : Wes O'Neill, Niclas Wallin, Jeff Schultz - PP : Wes O'Neill - PK : Niclas Wallin, Jeff Schultz
Penalty Shots
Henrik Zetterberg, Robert Nilsson, Kris Versteeg, George Parros, Scott Gomez
% Time on Ice - Sénateurs
Lines # - Real PCT - Wanted PCT - Time Play
Normal Forward
1 - 33% - 39% - 15:50
2 - 27% - 29% - 12:58
3 - 24% - 19% - 11:38
4 - 17% - 13% - 8:06
Normal Defense
1 - 38% - 40% - 18:20
2 - 34% - 30% - 16:24
3 - 25% - 20% - 12:15
4 - 3% - 10% - 1:33
PP Forward
1 - 58% - 60% - 4:29
2 - 42% - 40% - 3:16
PP Defense
1 - 66% - 60% - 5:07
2 - 34% - 40% - 2:38
PK Forward
1 - 83% - 60% - 2:55
2 - 17% - 40% - 0:37
PK Defense
1 - 60% - 60% - 2:07
2 - 40% - 40% - 1:25
PK3 Forward
1 - 100% - 60% - 0:34
2 - 0% - 40% - 0:00
PK3 Defense
1 - 100% - 60% - 0:34
2 - 0% - 40% - 0:00
44 Forward
1 - 70% - 60% - 3:15
2 - 30% - 40% - 1:22
44 Defense
1 - 56% - 60% - 2:36
2 - 44% - 40% - 2:01
Last Minute Offensive - 0:00
Last Minute Defensive - 0:00
Total
Forward - 65:00
Defense - 65:00
|
% Time on Ice - Blackhawks
Lines # - Real PCT - Wanted PCT - Time Play
Normal Forward
1 - 34% - 40% - 16:23
2 - 28% - 30% - 13:30
3 - 23% - 20% - 11:19
4 - 15% - 10% - 7:20
Normal Defense
1 - 38% - 40% - 18:29
2 - 31% - 30% - 15:17
3 - 26% - 20% - 12:48
4 - 4% - 10% - 1:58
PP Forward
1 - 58% - 60% - 2:04
2 - 42% - 40% - 1:28
PP Defense
1 - 62% - 60% - 2:11
2 - 38% - 40% - 1:21
PK Forward
1 - 76% - 60% - 5:53
2 - 24% - 40% - 1:52
PK Defense
1 - 67% - 60% - 5:12
2 - 33% - 40% - 2:33
PK3 Forward
1 - 0% - 60%
2 - 0% - 40%
PK3 Defense
1 - 0% - 60%
2 - 0% - 40%
44 Forward
1 - 76% - 60% - 3:55
2 - 24% - 40% - 1:16
44 Defense
1 - 77% - 60% - 4:01
2 - 23% - 40% - 1:10
Last Minute Offensive - 0:00
Last Minute Defensive - 0:00
Total
Forward - 65:00
Defense - 65:00
|
Play by Play
1st period
0:01 of 1st period - Gilbert Brule wins face-off versus Robert Nilsson in neutral zone.
0:44 of 1st period - Icing by Steve McCarthy.
0:45 of 1st period - Scott Gomez wins face-off versus Andrew Ebbett in Blackhawks zone.
1:00 of 1st period - Johnny Oduya is hit by Andy Hilbert and loses puck.
1:11 of 1st period - Snap shot by Nikita Alexeev.
1:11 of 1st period - Shot Misses the Net.
2:14 of 1st period - Niclas Wallin is hit by Andy Hilbert and loses puck.
3:38 of 1st period - Vitaly Vishnevsky is hit by Steve McCarthy.
3:59 of 1st period - Dan Hamhuis is hit by Steve Bernier and loses puck.
4:21 of 1st period - Nikolai Kulemin is hit by Steve McCarthy and loses puck.
4:59 of 1st period - Wrist shot by Andy Hilbert.
4:59 of 1st period - Stopped by Roberto Luongo without a rebound.
5:00 of 1st period - Dominic Moore wins face-off versus Andrew Ebbett in Blackhawks zone.
5:40 of 1st period - Andrew Ebbett is hit by Chris Campoli and loses puck.
6:20 of 1st period - Snap shot by Steve Bernier.
6:20 of 1st period - Stopped by Jonas Hiller with a rebound.
6:28 of 1st period - Snap shot by Steve Bernier.
6:28 of 1st period - Deflect By Chris Higgins.
6:28 of 1st period - Stopped by Jonas Hiller without a rebound.
6:29 of 1st period - Gilbert Brule wins face-off versus Robert Nilsson in Sénateurs zone.
6:56 of 1st period - Kris Versteeg is hit by Vitaly Vishnevsky and loses puck.
8:07 of 1st period - Off-side.
8:08 of 1st period - Oleg Kvasha wins face-off versus Gilbert Brule in neutral zone.
9:24 of 1st period - Snap shot by Steve Bernier.
9:24 of 1st period - Deflect By Chris Higgins.
9:24 of 1st period - Stopped by Jonas Hiller with a rebound.
10:01 of 1st period - Snap shot by Kris Versteeg.
10:01 of 1st period - Shot Blocked by Dan Hamhuis.
10:03 of 1st period - Snap shot by Jamie Langenbrunner.
10:03 of 1st period - Stopped by Jonas Hiller with a rebound.
10:05 of 1st period - Slapshot by Johnny Oduya.
10:05 of 1st period - Deflect By Scott Gomez.
10:05 of 1st period - Stopped by Jonas Hiller without a rebound.
10:06 of 1st period - Robert Nilsson wins face-off versus Daymond Langkow in Sénateurs zone.
10:15 of 1st period - Snap shot by Robert Nilsson.
10:15 of 1st period - Shot Misses the Net.
10:17 of 1st period - Snap shot by Robert Nilsson.
10:17 of 1st period - Stopped by Jonas Hiller with a rebound.
10:19 of 1st period - Snap shot by Robert Nilsson.
10:19 of 1st period - Deflect By Henrik Zetterberg.
10:19 of 1st period - Stopped by Jonas Hiller with a rebound.
10:21 of 1st period - Slapshot by Wes O'Neill.
10:21 of 1st period - Stopped by Jonas Hiller without a rebound.
10:22 of 1st period - Scott Gomez wins face-off versus Vernon Fiddler in Sénateurs zone.
10:25 of 1st period - Wrist shot by Scott Gomez.
10:25 of 1st period - Stopped by Jonas Hiller without a rebound.
10:26 of 1st period - Vernon Fiddler wins face-off versus Scott Gomez in Sénateurs zone.
10:35 of 1st period - Wes O'Neill is hit by Nikita Alexeev and loses puck.
10:56 of 1st period - Snap shot by Henrik Zetterberg.
10:56 of 1st period - Deflect By Robert Nilsson.
10:56 of 1st period - Shot Misses the Net.
10:56 of 1st period - Puck is out of play.
10:57 of 1st period - Gilbert Brule wins face-off versus Robert Nilsson in Sénateurs zone.
11:06 of 1st period - Snap shot by Robert Nilsson.
11:06 of 1st period - Shot Blocked by Dan Girardi.
11:08 of 1st period - Slapshot by George Parros.
11:08 of 1st period - Shot Blocked by Gilbert Brule.
11:10 of 1st period - Backhand shot by Johnny Oduya.
11:10 of 1st period - Stopped by Jonas Hiller without a rebound.
11:11 of 1st period - Daymond Langkow wins face-off versus Robert Nilsson in Sénateurs zone.
11:22 of 1st period - Slapshot by Daymond Langkow.
11:22 of 1st period - Stopped by Roberto Luongo without a rebound.
11:23 of 1st period - Robert Nilsson wins face-off versus Gilbert Brule in Blackhawks zone.
12:30 of 1st period - Vernon Fiddler is hit by Jeff Schultz and loses puck.
12:49 of 1st period - Robert Nilsson is hit by Andy McDonald and loses puck.
12:58 of 1st period - Ryan Parent is hit by Wes O'Neill and loses puck.
13:30 of 1st period - Steve McCarthy is hit by Andy Hilbert.
14:23 of 1st period - Snap shot by Jean-Pierre Dumont.
14:23 of 1st period - Stopped by Roberto Luongo without a rebound.
14:24 of 1st period - Dominic Moore wins face-off versus Daymond Langkow in Blackhawks zone.
14:35 of 1st period - Slapshot by Johnny Oduya.
14:35 of 1st period - Deflect By Chris Higgins.
14:35 of 1st period - Shot Blocked by Dan Hamhuis.
14:35 of 1st period - Puck is out of play.
14:36 of 1st period - Gilbert Brule wins face-off versus George Parros in Sénateurs zone.
14:36 of 1st period - Gilbert Brule is hit by Steve McCarthy.
14:46 of 1st period - Dan Hamhuis is hit by George Parros and loses puck.
15:12 of 1st period - Wrist shot by Daniel Carcillo.
15:12 of 1st period - Shot Misses the Net.
15:14 of 1st period - Snap shot by Chris Campoli.
15:14 of 1st period - Stopped by Jonas Hiller without a rebound.
15:15 of 1st period - Daymond Langkow wins face-off versus Robert Nilsson in Sénateurs zone.
15:30 of 1st period - Wrist shot by Robert Nilsson.
15:30 of 1st period - Stopped by Jonas Hiller without a rebound.
15:31 of 1st period - Scott Gomez wins face-off versus Andrew Ebbett in Sénateurs zone.
15:40 of 1st period - Snap shot by Scott Gomez.
15:40 of 1st period - Shot Misses the Net.
15:58 of 1st period - Robert Nilsson is hit by Jean-Pierre Dumont and loses puck.
16:40 of 1st period - Wrist shot by Nikita Alexeev.
16:40 of 1st period - Shot Blocked by Niclas Wallin.
17:12 of 1st period - Andrew Ebbett is hit by Henrik Zetterberg and loses puck.
17:17 of 1st period - Wrist shot by Henrik Zetterberg.
17:17 of 1st period - Stopped by Jonas Hiller without a rebound.
17:18 of 1st period - Gilbert Brule wins face-off versus George Parros in Sénateurs zone.
17:29 of 1st period - Slapshot by Jean-Pierre Dumont.
17:29 of 1st period - Stopped by Roberto Luongo without a rebound.
17:30 of 1st period - Scott Gomez wins face-off versus Gilbert Brule in Blackhawks zone.
17:44 of 1st period - Scott Gomez is hit by Gilbert Brule and loses puck.
18:02 of 1st period - Snap shot by Darcy Hordichuk.
18:02 of 1st period - Shot Blocked by George Parros.
18:10 of 1st period - Carlo Colaiacovo is hit by George Parros and loses puck.
18:46 of 1st period - Nikolai Kulemin is hit by Niclas Wallin.
19:38 of 1st period - George Parros is hit by Darcy Hordichuk and loses puck.
Goals for this period are 0 for Sénateurs vs 0 for Blackhawks.
Shots for this period are 4 for Sénateurs vs 13 for Blackhawks.
2nd period
0:01 of 2nd period - Scott Gomez wins face-off versus Gilbert Brule in neutral zone.
0:15 of 2nd period - Vitaly Vishnevsky is hit by Johnny Oduya and loses puck.
0:36 of 2nd period - Snap shot by Todd Bertuzzi.
0:36 of 2nd period - Goal by Todd Bertuzzi - Sénateurs : 1 - Blackhawks : 0.
0:37 of 2nd period - Scott Gomez wins face-off versus Gilbert Brule in neutral zone.
0:39 of 2nd period - Minor Penalty to Jamie Langenbrunner for Holding.
0:40 of 2nd period - Henrik Zetterberg wins face-off versus Gilbert Brule in Blackhawks zone.
0:54 of 2nd period - Wrist shot by Gilbert Brule.
0:54 of 2nd period - Deflect By Robert Nilsson.
0:54 of 2nd period - Shot Misses the Net.
0:54 of 2nd period - Puck is out of play.
0:55 of 2nd period - Henrik Zetterberg wins face-off versus Gilbert Brule in Blackhawks zone.
2:16 of 2nd period - Icing by Dan Hamhuis.
2:17 of 2nd period - Daymond Langkow wins face-off versus Oleg Kvasha in Sénateurs zone.
2:39 of 2nd period - Penalty to Jamie Langenbrunner is over, Jamie Langenbrunner is back on ice.
3:56 of 2nd period - Wrist shot by Darcy Hordichuk.
3:56 of 2nd period - Stopped by Roberto Luongo without a rebound.
3:57 of 2nd period - Gilbert Brule wins face-off versus Robert Nilsson in Blackhawks zone.
4:31 of 2nd period - Wrist shot by Daniel Carcillo.
4:31 of 2nd period - Shot Blocked by Sami Salo.
6:06 of 2nd period - Wrist shot by Andy Hilbert.
6:06 of 2nd period - Shot Misses the Net.
6:08 of 2nd period - Slapshot by Dan Hamhuis.
6:08 of 2nd period - Shot Blocked by Steve Bernier.
6:18 of 2nd period - Andrew Ebbett is hit by Dominic Moore and loses puck.
6:41 of 2nd period - Snap shot by Andy Hilbert.
6:41 of 2nd period - Deflect By Steve Bernier.
6:41 of 2nd period - Stopped by Roberto Luongo without a rebound.
6:42 of 2nd period - George Parros wins face-off versus Gilbert Brule in Blackhawks zone.
7:09 of 2nd period - Kris Versteeg is hit by Daymond Langkow and loses puck.
7:14 of 2nd period - Wrist shot by Darcy Hordichuk.
7:14 of 2nd period - Stopped by Roberto Luongo with a rebound.
7:16 of 2nd period - Snap shot by Daymond Langkow.
7:16 of 2nd period - Shot Blocked by Jamie Langenbrunner.
7:18 of 2nd period - Snap shot by Darcy Hordichuk.
7:18 of 2nd period - Shot Misses the Net.
7:20 of 2nd period - Slapshot by Dan Girardi.
7:20 of 2nd period - Stopped by Roberto Luongo without a rebound.
7:21 of 2nd period - Gilbert Brule wins face-off versus Robert Nilsson in Blackhawks zone.
7:22 of 2nd period - Snap shot by Jean-Pierre Dumont.
7:22 of 2nd period - Stopped by Roberto Luongo without a rebound.
7:23 of 2nd period - Henrik Zetterberg wins face-off versus Gilbert Brule in Blackhawks zone.
7:23 of 2nd period - Henrik Zetterberg is hit by Andy McDonald.
7:49 of 2nd period - Minor Penalty to Scott Gomez for Holding.
7:50 of 2nd period - Gilbert Brule wins face-off versus Robert Nilsson in Blackhawks zone.
7:52 of 2nd period - Snap shot by Andy McDonald.
7:52 of 2nd period - Stopped by Roberto Luongo with a rebound.
8:02 of 2nd period - Wrist shot by Henrik Zetterberg.
8:02 of 2nd period - Stopped by Jonas Hiller without a rebound.
8:03 of 2nd period - Henrik Zetterberg wins face-off versus Gilbert Brule in Sénateurs zone.
8:52 of 2nd period - Wrist shot by Gilbert Brule.
8:52 of 2nd period - Stopped by Roberto Luongo without a rebound.
8:53 of 2nd period - Gilbert Brule wins face-off versus Kris Versteeg in Blackhawks zone.
9:14 of 2nd period - Slapshot by Dan Girardi.
9:14 of 2nd period - Shot Blocked by Steve McCarthy.
9:49 of 2nd period - Penalty to Scott Gomez is over, Scott Gomez is back on ice.
10:19 of 2nd period - Icing by Vitaly Vishnevsky.
10:20 of 2nd period - Scott Gomez wins face-off versus Vernon Fiddler in Sénateurs zone.
11:26 of 2nd period - Minor Penalty to B.J. Crombeen for High sticking.
11:27 of 2nd period - Robert Nilsson wins face-off versus Gilbert Brule in Sénateurs zone.
11:30 of 2nd period - Snap shot by George Parros.
11:30 of 2nd period - Stopped by Jonas Hiller without a rebound.
11:31 of 2nd period - Robert Nilsson wins face-off versus Gilbert Brule in Sénateurs zone.
11:32 of 2nd period - Wrist shot by Henrik Zetterberg.
11:32 of 2nd period - Deflect By Vitaly Vishnevsky.
11:32 of 2nd period - Goal by Henrik Zetterberg - Sénateurs : 1 - Blackhawks : 1.
11:33 of 2nd period - Robert Nilsson wins face-off versus Gilbert Brule in neutral zone.
11:50 of 2nd period - Wrist shot by Henrik Zetterberg.
11:50 of 2nd period - Shot Blocked by Dan Hamhuis.
12:08 of 2nd period - Slapshot by Gilbert Brule.
12:08 of 2nd period - Stopped by Roberto Luongo without a rebound.
12:09 of 2nd period - Scott Gomez wins face-off versus Todd Bertuzzi in Blackhawks zone.
12:22 of 2nd period - Snap shot by Jamie Langenbrunner.
12:22 of 2nd period - Stopped by Jonas Hiller without a rebound.
12:23 of 2nd period - Daymond Langkow wins face-off versus Robert Nilsson in Sénateurs zone.
12:23 of 2nd period - Daymond Langkow is hit by Henrik Zetterberg.
12:36 of 2nd period - Minor Penalty to Robert Nilsson for Hooking.
12:37 of 2nd period - Andy McDonald wins face-off versus Henrik Zetterberg in Blackhawks zone.
12:43 of 2nd period - Snap shot by Andy McDonald.
12:43 of 2nd period - Stopped by Roberto Luongo without a rebound.
12:44 of 2nd period - Gilbert Brule wins face-off versus Henrik Zetterberg in Blackhawks zone.
12:57 of 2nd period - Wrist shot by Andy McDonald.
12:57 of 2nd period - Stopped by Roberto Luongo without a rebound.
12:58 of 2nd period - Henrik Zetterberg wins face-off versus Gilbert Brule in Blackhawks zone.
13:31 of 2nd period - Slapshot by Vitaly Vishnevsky.
13:31 of 2nd period - Shot Misses the Net.
13:33 of 2nd period - Snap shot by Daymond Langkow.
13:33 of 2nd period - Shot Misses the Net.
13:35 of 2nd period - Snap shot by Darcy Hordichuk.
13:35 of 2nd period - Stopped by Roberto Luongo without a rebound.
13:36 of 2nd period - Gilbert Brule wins face-off versus Henrik Zetterberg in Blackhawks zone.
13:51 of 2nd period - Snap shot by Jean-Pierre Dumont.
13:51 of 2nd period - Shot Misses the Net.
14:36 of 2nd period - Penalty to Robert Nilsson is over, Robert Nilsson is back on ice.
14:42 of 2nd period - Off-side.
14:43 of 2nd period - Kris Versteeg wins face-off versus Andrew Ebbett in neutral zone.
14:54 of 2nd period - Snap shot by Jamie Langenbrunner.
14:54 of 2nd period - Stopped by Jonas Hiller with a rebound.
15:13 of 2nd period - Andy McDonald is hit by Jeff Schultz.
15:48 of 2nd period - Icing by Dan Hamhuis.
15:49 of 2nd period - Daymond Langkow wins face-off versus Scott Gomez in Sénateurs zone.
16:02 of 2nd period - Snap shot by Vitaly Vishnevsky.
16:02 of 2nd period - Shot Blocked by Steve McCarthy.
16:23 of 2nd period - Snap shot by Chris Higgins.
16:23 of 2nd period - Shot Misses the Net.
16:25 of 2nd period - Slapshot by Johnny Oduya.
16:25 of 2nd period - Stopped by Jonas Hiller without a rebound.
16:26 of 2nd period - Robert Nilsson wins face-off versus Daymond Langkow in Sénateurs zone.
16:27 of 2nd period - Backhand shot by Henrik Zetterberg.
16:27 of 2nd period - Stopped by Jonas Hiller without a rebound.
16:28 of 2nd period - Daymond Langkow wins face-off versus Robert Nilsson in Sénateurs zone.
16:28 of 2nd period - Daymond Langkow is hit by Jeff Schultz.
17:20 of 2nd period - Wrist shot by Chris Higgins.
17:20 of 2nd period - Shot Misses the Net.
18:01 of 2nd period - Slapshot by Dan Girardi.
18:01 of 2nd period - Shot Misses the Net.
18:03 of 2nd period - Wrist shot by Jean-Pierre Dumont.
18:03 of 2nd period - Stopped by Roberto Luongo with a rebound.
18:05 of 2nd period - Slapshot by Dan Girardi.
18:05 of 2nd period - Goal by Dan Girardi - Sénateurs : 2 - Blackhawks : 1.
18:06 of 2nd period - Robert Nilsson wins face-off versus Gilbert Brule in neutral zone.
18:06 of 2nd period - Robert Nilsson is hit by Dan Hamhuis.
18:09 of 2nd period - Minor Penalty to George Parros for Hooking.
18:10 of 2nd period - Henrik Zetterberg wins face-off versus Gilbert Brule in Blackhawks zone.
18:35 of 2nd period - Darcy Hordichuk is hit by Steve McCarthy and loses puck.
19:57 of 2nd period - Minor Penalty to Vitaly Vishnevsky for Holding.
19:58 of 2nd period - Gilbert Brule wins face-off versus Henrik Zetterberg in Sénateurs zone.
Goals for this period are 2 for Sénateurs vs 1 for Blackhawks.
Shots for this period are 14 for Sénateurs vs 7 for Blackhawks.
3rd period
0:01 of 3rd period - Henrik Zetterberg wins face-off versus Gilbert Brule in neutral zone.
0:08 of 3rd period - Snap shot by Henrik Zetterberg.
0:08 of 3rd period - Stopped by Jonas Hiller with a rebound.
0:09 of 3rd period - Penalty to George Parros is over, George Parros is back on ice.
0:10 of 3rd period - Slapshot by Robert Nilsson.
0:10 of 3rd period - Goal by Robert Nilsson - Sénateurs : 2 - Blackhawks : 2.
0:11 of 3rd period - Gilbert Brule wins face-off versus Robert Nilsson in neutral zone.
0:13 of 3rd period - Off-side.
0:14 of 3rd period - Robert Nilsson wins face-off versus Gilbert Brule in neutral zone.
0:39 of 3rd period - Icing by Jean-Pierre Dumont.
0:40 of 3rd period - Daymond Langkow wins face-off versus Scott Gomez in Sénateurs zone.
1:11 of 3rd period - Wrist shot by George Parros.
1:11 of 3rd period - Stopped by Jonas Hiller with a rebound.
1:13 of 3rd period - Slapshot by Chris Campoli.
1:13 of 3rd period - Deflect By George Parros.
1:13 of 3rd period - Shot Blocked by Gilbert Brule.
1:13 of 3rd period - Puck is out of play.
1:14 of 3rd period - Robert Nilsson wins face-off versus Gilbert Brule in Sénateurs zone.
1:46 of 3rd period - Wrist shot by Andy McDonald.
1:46 of 3rd period - Shot Blocked by Steve Bernier.
1:46 of 3rd period - Steve Bernier from Blackhawks is injured at 1:46 of 3rd period (Sports Hernia).
1:47 of 3rd period - Andy McDonald wins face-off versus Robert Nilsson in Blackhawks zone.
2:14 of 3rd period - B.J. Crombeen is hit by Johnny Oduya and loses puck.
2:25 of 3rd period - Snap shot by Andy Hilbert.
2:25 of 3rd period - Shot Misses the Net.
2:55 of 3rd period - Dan Girardi is hit by George Parros.
3:11 of 3rd period - Wrist shot by Todd Bertuzzi.
3:11 of 3rd period - Deflect By Darcy Hordichuk.
3:11 of 3rd period - Shot Misses the Net.
3:11 of 3rd period - Puck is out of play.
3:12 of 3rd period - Gilbert Brule wins face-off versus Oleg Kvasha in Blackhawks zone.
3:54 of 3rd period - Minor Penalty to Andrew Ebbett for Hooking.
3:55 of 3rd period - Gilbert Brule wins face-off versus Robert Nilsson in Sénateurs zone.
4:03 of 3rd period - Off-side.
4:04 of 3rd period - Robert Nilsson wins face-off versus Gilbert Brule in neutral zone.
5:19 of 3rd period - Snap shot by Andy McDonald.
5:19 of 3rd period - Shot Misses the Net.
5:37 of 3rd period - Dan Hamhuis is hit by Scott Gomez and loses puck.
5:54 of 3rd period - Penalty to Andrew Ebbett is over, Andrew Ebbett is back on ice.
6:26 of 3rd period - Slapshot by Daniel Carcillo.
6:26 of 3rd period - Stopped by Jonas Hiller with a rebound.
6:28 of 3rd period - Wrist shot by Sheldon Keefe.
6:28 of 3rd period - Shot Misses the Net.
6:56 of 3rd period - Chris Campoli is hit by Todd Bertuzzi.
7:33 of 3rd period - Slapshot by Steve McCarthy.
7:33 of 3rd period - Shot Blocked by Andy Hilbert.
7:39 of 3rd period - Niclas Wallin is hit by Andy Hilbert and loses puck.
7:52 of 3rd period - Snap shot by Jean-Pierre Dumont.
7:52 of 3rd period - Shot Blocked by Niclas Wallin.
7:54 of 3rd period - Wrist shot by Jean-Pierre Dumont.
7:54 of 3rd period - Shot Blocked by Wes O'Neill.
8:00 of 3rd period - Henrik Zetterberg is hit by Andy McDonald and loses puck.
9:15 of 3rd period - Off-side.
9:16 of 3rd period - Daymond Langkow wins face-off versus Scott Gomez in neutral zone.
9:31 of 3rd period - Chris Campoli is hit by Darcy Hordichuk and loses puck.
9:42 of 3rd period - Andrew Ebbett is hit by Oleg Kvasha and loses puck.
10:14 of 3rd period - Wrist shot by Nikita Alexeev.
10:14 of 3rd period - Shot Misses the Net.
10:16 of 3rd period - Slapshot by Carlo Colaiacovo.
10:16 of 3rd period - Deflect By Wes O'Neill.
10:16 of 3rd period - Stopped by Roberto Luongo without a rebound.
10:17 of 3rd period - Daymond Langkow wins face-off versus Kris Versteeg in Blackhawks zone.
10:30 of 3rd period - Wrist shot by Darcy Hordichuk.
10:30 of 3rd period - Shot Misses the Net.
10:32 of 3rd period - Slapshot by Ryan Parent.
10:32 of 3rd period - Shot Misses the Net.
10:47 of 3rd period - Slapshot by Johnny Oduya.
10:47 of 3rd period - Shot Misses the Net.
10:49 of 3rd period - Slapshot by Johnny Oduya.
10:49 of 3rd period - Shot Misses the Net.
10:51 of 3rd period - Wrist shot by Johnny Oduya.
10:51 of 3rd period - Shot Hit the Post.
11:29 of 3rd period - Niclas Wallin is hit by Daymond Langkow.
11:37 of 3rd period - Dominic Moore is hit by Daymond Langkow and loses puck.
12:25 of 3rd period - Johnny Oduya is hit by Daymond Langkow and loses puck.
12:30 of 3rd period - Slapshot by Darcy Hordichuk.
12:30 of 3rd period - Stopped by Roberto Luongo with a rebound.
13:23 of 3rd period - Snap shot by Robert Nilsson.
13:23 of 3rd period - Deflect By Henrik Zetterberg.
13:23 of 3rd period - Shot Misses the Net.
13:23 of 3rd period - Puck is out of play.
13:24 of 3rd period - Gilbert Brule wins face-off versus Robert Nilsson in Sénateurs zone.
14:11 of 3rd period - Henrik Zetterberg is hit by Andy Hilbert and loses puck.
14:16 of 3rd period - Wrist shot by Andrew Ebbett.
14:16 of 3rd period - Shot Misses the Net.
14:20 of 3rd period - Snap shot by Andrew Ebbett.
14:20 of 3rd period - Shot Blocked by Henrik Zetterberg.
14:38 of 3rd period - Wrist shot by Jean-Pierre Dumont.
14:38 of 3rd period - Stopped by Roberto Luongo with a rebound.
15:45 of 3rd period - Backhand shot by Gilbert Brule.
15:45 of 3rd period - Stopped by Roberto Luongo with a rebound.
15:47 of 3rd period - Slapshot by Andy McDonald.
15:47 of 3rd period - Stopped by Roberto Luongo with a rebound.
15:49 of 3rd period - Wrist shot by Gilbert Brule.
15:49 of 3rd period - Shot Misses the Net.
16:22 of 3rd period - Steve McCarthy is hit by Nikolai Kulemin.
16:44 of 3rd period - Icing by Sami Salo.
16:45 of 3rd period - Andrew Ebbett wins face-off versus Chris Higgins in Sénateurs zone.
18:34 of 3rd period - Minor Penalty to Darcy Hordichuk for Hooking.
18:35 of 3rd period - Robert Nilsson wins face-off versus Gilbert Brule in Sénateurs zone.
19:00 of 3rd period - Gilbert Brule is hit by Scott Gomez and loses puck.
Goals for this period are 0 for Sénateurs vs 1 for Blackhawks.
Shots for this period are 5 for Sénateurs vs 4 for Blackhawks.
Overtime #1
0:01 of 1st overtime period - Henrik Zetterberg wins face-off versus Gilbert Brule in neutral zone.
0:08 of 1st overtime period - Wrist shot by Henrik Zetterberg.
0:08 of 1st overtime period - Stopped by Jonas Hiller without a rebound.
0:09 of 1st overtime period - Gilbert Brule wins face-off versus Henrik Zetterberg in Sénateurs zone.
0:21 of 1st overtime period - Off-side.
0:22 of 1st overtime period - Henrik Zetterberg wins face-off versus Gilbert Brule in neutral zone.
0:34 of 1st overtime period - Penalty to Darcy Hordichuk is over, Darcy Hordichuk is back on ice.
0:35 of 1st overtime period - Wrist shot by Henrik Zetterberg.
0:35 of 1st overtime period - Deflect By Robert Nilsson.
0:35 of 1st overtime period - Shot Misses the Net.
0:35 of 1st overtime period - Puck is out of play.
0:36 of 1st overtime period - Gilbert Brule wins face-off versus Henrik Zetterberg in Sénateurs zone.
2:17 of 1st overtime period - Chris Campoli is hit by B.J. Crombeen and loses puck.
3:04 of 1st overtime period - Henrik Zetterberg is hit by B.J. Crombeen and loses puck.
3:39 of 1st overtime period - Dan Hamhuis is hit by Oleg Kvasha and loses puck.
4:04 of 1st overtime period - Icing by Henrik Zetterberg.
4:05 of 1st overtime period - Oleg Kvasha wins face-off versus Gilbert Brule in Blackhawks zone.
4:28 of 1st overtime period - George Parros is hit by Daymond Langkow and loses puck.
4:37 of 1st overtime period - Steve McCarthy is hit by Carlo Colaiacovo and loses puck.
Goals for this period are 0 for Sénateurs vs 0 for Blackhawks.
Shots for this period are 0 for Sénateurs vs 1 for Blackhawks.
ShootOut
5:00 of 1st overtime period - Penalty Shot by Gilbert Brule for Sénateurs.
5:00 of 1st overtime period - Deke by Gilbert Brule.
5:00 of 1st overtime period - Stopped by Roberto Luongo.
5:00 of 1st overtime period - Penalty Shot by Henrik Zetterberg for Blackhawks.
5:00 of 1st overtime period - Deke by Henrik Zetterberg.
5:00 of 1st overtime period - Goal by Henrik Zetterberg.
5:00 of 1st overtime period - Penalty Shot by Jean-Pierre Dumont for Sénateurs.
5:00 of 1st overtime period - Deke by Jean-Pierre Dumont.
5:00 of 1st overtime period - Goal by Jean-Pierre Dumont.
5:00 of 1st overtime period - Penalty Shot by Robert Nilsson for Blackhawks.
5:00 of 1st overtime period - Deke by Robert Nilsson.
5:00 of 1st overtime period - Stopped by Jonas Hiller.
5:00 of 1st overtime period - Penalty Shot by Daymond Langkow for Sénateurs.
5:00 of 1st overtime period - Snap shot by Daymond Langkow.
5:00 of 1st overtime period - Goal by Daymond Langkow.
5:00 of 1st overtime period - Penalty Shot by Kris Versteeg for Blackhawks.
5:00 of 1st overtime period - Backhand shot by Kris Versteeg.
5:00 of 1st overtime period - Stopped by Jonas Hiller.
Output by the SimonT Hockey Simulator (STHS) for François Prévost -- Original Page W3C XHTML 1.0 Valid